 Dungeon Crawl Stone Soup version 0.25-a0-566-g062765be81 (webtiles) character file.

Game seed: 11962871245357823854, levelgen mode: deterministic

13391 kae the Jinx (level 11, -3/51 HPs)
             Began as a Felid Enchanter on Feb 27, 2020.
             Was an Elder of Dithmenos.
             Slain by a catoblepas (16 damage)
             ... while petrified by you
             ... on level 2 of the Lair of Beasts.
             The game lasted 00:22:17 (19699 turns).

kae the Jinx (Felid Enchanter)                     Turns: 19699, Time: 00:22:18

Health: -3/51      AC:  2    Str:  6    XL:     11   Next: 75%
Magic:  25/32      EV:  4    Int: 19    God:    Dithmenos [****..]
Gold:   729        SH:  0    Dex: 16    Spells: 12/24 levels left
                                        Lives:  0   Deaths: 3

rFire    x . .     SeeInvis +     - Unarmed
rCold    + . .     Gourm    .   (shield unavailable)
rNeg     + + +     Faith    .   (armour unavailable)
rPois    ∞         Spirit   .   (helmet unavailable)
rElec    .         Reflect  .   (cloak unavailable)
rCorr    .         Harm     .   (gloves unavailable)
MR       +....                  (boots unavailable)
Stlth    ++++++++..             (no amulet)
HPRegen  0.17/turn              r - ring of ice
MPRegen  0.23/turn              c - ring of magical power

@: confusing touch, about to teleport, petrified, wreathed by umbra, quick
A: very small, no armour, no weapons or thrown items, stealth, claws 1, fangs 3,
see invisible, carnivore, speed 1, shaggy fur 2, slow metabolism 1, sharp paws
a: Shadow Step, Renounce Religion


You were on level 2 of the Lair of Beasts.
You worshipped Dithmenos.
Dithmenos was greatly pleased with you.
You were very hungry.

You visited 3 branches of the dungeon, and saw 12 of its levels.
You also visited: Ossuary.

You collected 729 gold pieces.

Inventory:

Jewellery
 c - a ring of magical power (right paw)
 d - an uncursed ring of flight
 p - an uncursed amulet of harm
 r - a ring of ice (left paw)
 s - an uncursed amulet of faith
Wands
 a - a wand of polymorph (23)
 l - a wand of random effects (20)
 n - a wand of flame (8)
Scrolls
 e - 5 scrolls of amnesia
 h - a scroll of fog
 j - 16 scrolls of remove curse
 q - 3 scrolls of teleportation
 x - 2 scrolls of blinking
Potions
 f - 3 potions of stabbing
 g - 2 potions of curing
 i - 3 potions of might
 k - 2 potions of haste
 m - 3 potions of heal wounds
 o - 3 potions of flight
 t - a potion of lignification
 v - 2 potions of magic
 w - 2 potions of brilliance {unknown}
 z - 4 potions of cancellation {unknown}
 A - a potion of resistance {unknown}
Comestibles
 b - 20 rations


   Skills:
 + Level 7.8 Fighting
 + Level 10.1 Dodging
 + Level 11.4 Stealth
 * Level 10.9 Unarmed Combat
 + Level 7.4 Spellcasting
 + Level 11.5 Hexes


You had 12 spell levels left.
You knew the following spells:

 Your Spells              Type           Power        Failure   Level  Hunger
a - Corona                Hex            ######.      1%          1    None
b - Ensorcelled Hibernat  Hex/Ice        #####.       1%          2    None
c - Confusing Touch       Hex            ######..     1%          3    #......
d - Tukima's Dance        Hex            ######..     1%          3    #......
e - Dazzling Flash        Conj/Hex       ####..       2%          3    #......

Your spell library contained the following spells:

 Spells                   Type           Power        Failure   Level  Hunger
 Inner Flame              Hex/Fire       ####....     2%          3    #......
 Animate Skeleton         Necr           N/A          10%         1    None
 Foxfire                  Conj/Fire      #...         10%         1    None
 Freeze                   Ice            ##..         10%         1    None
 Pain                     Necr           #...         10%         1    None
 Call Imp                 Summ           #.......     14%         2    None
 Metabolic Englaciation   Hex/Ice        #####.....   26%         5    #####..
 Yara's Violent Unravell  Hex/Tmut       ####......   26%         5    #####..
 Conjure Flame            Conj/Fire      #.......     28%         3    #......
 Gell's Gravitas          Tloc           #.........   28%         3    #......
 Recall                   Summ/Tloc      N/A          28%         3    #......
 Vampiric Draining        Necr           #.........   28%         3    #......
 Animate Dead             Necr           N/A          67%         4    ###....
 Ice Form                 Ice/Tmut       ##......     67%         4    ###....
 Petrify                  Tmut/Erth      #.......     67%         4    ###....
 Sticky Flame             Conj/Fire      #.......     67%         4    ###....
 Agony                    Necr           #.......     95%         5    #####..
 Fireball                 Conj/Fire      #.........   95%         5    #####..
 Summon Forest            Summ/Tloc      #.........   95%         5    #####..
 Freezing Cloud           Conj/Ice/Air   ##........   100%        6    ######.
 Ozocubu's Refrigeration  Ice            ##........   100%        6    ######.
 Simulacrum               Ice/Necr       ##........   100%        6    ######.
 Malign Gateway           Summ/Tloc      #.........   100%        7    #######


Dungeon Overview and Level Annotations

Branches:
Dungeon (9/15)             Temple (1/1) D:7            Lair (2/6) D:8
  Snake (0/4) Lair:2      Ossuary (visited)
  Swamp: Lair:2-4    Shoals: Lair:2-4       Orc: D:9-12

Altars:
Ashenzari
Cheibriados
Dithmenos
Elyvilon
Fedhas
Gozag
Hepliaklqana
Kikubaaqudgha
Makhleb
Nemelex Xobeh
Okawaru
Qazlal
Ru
Sif Muna
Trog
Uskayaw
Vehumet
Wu Jian
Xom
Yredelemnul
Zin
The Shining One

Shops:
D:4 =

Annotations:
Lair:2 exclusion: 2 oklob plants


Innate Abilities, Weirdness & Mutations

You cannot wear armour.
You are incapable of wielding weapons or throwing items.
Your paws allow you to move quietly. (Stealth)
You have sharp claws.
You have razor-sharp teeth.
You have supernaturally acute eyesight. (SInv)
You are carnivorous and can eat meat at any time.
You cover ground quickly.
You are covered in thick fur. (AC +2)
You have a slow metabolism.
Your sharp claws are effective at attacking unaware monsters.


Message History

The catoblepas gores you!
Unknown command.
Unknown command.
Unknown command.
Unknown command.
As you read the scroll of teleportation, it crumbles to dust.
You feel strangely unstable.
You are engulfed in calcifying dust.
The catoblepas breathes a plume of calcifying dust at you.
The blast of calcifying dust hits you!
The catoblepas breathes a plume of calcifying dust at you.
The blast of calcifying dust hits you!
Your limbs are stiffening.
Unknown command.
Unknown command.
The catoblepas breathes a plume of calcifying dust at you.
The blast of calcifying dust hits you!
* * * LOW HITPOINT WARNING * * *
You have turned to stone.
You are engulfed in calcifying dust. x2
The catoblepas gores you!!
You die...

...# #...# .....#P.#
..####.#..## #...##.....#..#
..# ......###...#.......#.#
§§# .....##.....#........##
§§# ....# #...######.##..# §§#
...###...##.###.P..## §§##
##.###P.............#
...#####P.##....Y<.......#####
...§...Y........@........P(!$#
................§..§......P..#
...............(§..........P.#
.................#.##.P..#####
....####.##.#....###..P..†.#
.....# #.#.##..........#...#
.....###+#.##....#.........#
....###...###.....#...#....##
....##....# ...#.....#....#


You could see a catoblepas.

Vanquished Creatures
  A fire dragon (D:9)
  2 hydras
  A lindwurm (Lair:1)
  A cyclops (D:9)
  2 ugly things
  2 black mambas (Lair:2)
  A guardian serpent (Lair:2)
  7 spiny frogs
  A komodo dragon (Lair:1)
  A kobold demonologist (D:9)
  A troll (D:9)
  3 hippogriffs
  A human (D:7)
  7 yaks (Lair:2)
  2 basilisks (Lair:1)
  A vampire mosquito (D:9)
  4 hogs (D:7)
  3 wargs (D:8)
  A soldier ant (D:9)
  7 water moccasins
  Duvessa (D:5)
  2 porcupines (Lair:1)
  An ice beast (D:8)
  2 sky beasts
  A black bear (D:6)
  A necrophage (D:8)
  6 ogres
  3 phantoms
  5 centaurs
  A big kobold (D:8)
  5 crocodiles
  3 bullfrogs
  A water moccasin zombie (D:5)
  15 scorpions
  Dowan (D:5)
  15 killer bees
  3 wights
  6 howler monkeys
  2 electric eels (Lair:1)
  6 crimson imps
  3 centaur zombies
  2 bullfrog zombies (D:4)
  A quasit (D:9)
  2 human zombies (Ossuary)
  4 orc priests
  11 orc wizards
  8 hounds
  3 jellies
  A bullfrog skeleton (D:7)
  A centaur skeleton (D:9)
  Jessica (D:2)
  An iguana (D:9)
  12 worker ants
  2 killer bee zombies
  2 big kobold zombies (Ossuary)
  3 hound zombies
  2 hound skeletons
  3 mummies (Ossuary)
  2 worker ant zombies
  Robin (D:2)
  5 scorpion zombies (Ossuary)
  12 adders
  A shadow imp (D:7)
  4 adder zombies
  3 adder skeletons
  A worm (D:3)
  A dart slug (D:2)
  6 leopard geckos
  25 orcs
  2 giant cockroaches
  3 gnoll zombies (Ossuary)
  20 goblins
  7 hobgoblins
  14 jackals
  3 quokkas
  2 ball pythons
  12 bats
  12 frilled lizards
  A giant cockroach zombie (D:4)
  3 goblin zombies (Ossuary)
  A hobgoblin zombie (Ossuary)
  A jackal skeleton (D:4)
  7 kobolds
  A kobold zombie (Ossuary)
  3 leopard gecko skeletons
  4 leopard gecko zombies
  A quokka skeleton (D:5)
  A quokka zombie (D:4)
  6 rats
356 creatures vanquished.

Vanquished Creatures (collateral kills)
  3 wights
3 creatures vanquished.

Vanquished Creatures (others)
  2 scorpions (Ossuary)
  2 plants (Lair:2)
4 creatures vanquished.

Grand Total: 363 creatures vanquished

Notes
Turn   | Place    | Note
-------+----------+-------------------------------------------
     0 | D:1      | kae the Felid Enchanter began the quest for the Orb.
     0 | D:1      | Reached XP level 1. HP: 7/7 MP: 4/4
   435 | D:1      | Reached XP level 2. HP: 6/11 MP: 4/6
   446 | D:1      | Learned a level 2 spell: Ensorcelled Hibernation
  1342 | D:2      | Noticed Jessica
  1351 | D:2      | Killed Jessica
  1351 | D:2      | Reached XP level 3. HP: 13/15 MP: 7/7
  1524 | D:2      | Reached skill level 1 in Fighting
  1929 | D:2      | Found an ornate altar of the Wu Jian Council.
  1947 | D:2      | Reached XP level 4. HP: 11/19 MP: 8/8
  2194 | D:2      | Found a faded altar of an unknown god.
  2388 | D:3      | Noticed Robin
  2533 | D:2      | Learned a level 3 spell: Confusing Touch
  2537 | D:2      | Killed Robin
  2537 | D:2      | Reached skill level 5 in Hexes
  2917 | D:3      | Slain by a centaur zombie
  2918 | D:3      | Reached XP level 3. HP: -1/15 MP: 6/16
  2925 | D:3      | Reached XP level 4. HP: 19/19 MP: 8/8
  3610 | D:3      | Found a sacrificial altar of Ru.
  3992 | D:3      | Reached XP level 5. HP: 22/22 MP: 10/10
  4279 | D:3      | Reached skill level 5 in Stealth
  4818 | D:4      | Noticed an ogre
  4844 | D:4      | Killed an ogre
  4844 | D:4      | Gained mutation: You are covered in thick fur. (AC +2)
                  | [Felid growth]
  4844 | D:4      | Reached XP level 6. HP: 7/26 MP: 11/11
  5609 | D:4      | Found Dacoch's Jewellery Emporium.
  5701 | D:4      | Reached XP level 7. HP: 25/30 MP: 12/12
  6009 | D:5      | Entered Level 5 of the Dungeon
  6905 | D:5      | Reached skill level 5 in Unarmed Combat
  7053 | D:5      | Reached skill level 5 in Dodging
  7062 | D:5      | Reached XP level 8. HP: 31/34 MP: 14/14
  7235 | D:5      | Noticed Dowan
  7236 | D:5      | Noticed Duvessa
  7240 | D:5      | Killed Dowan
  7317 | D:5      | Killed Duvessa
  7595 | D:5      | Found a burning altar of Makhleb.
  7953 | D:6      | Found a sparkling altar of Nemelex Xobeh.
  8792 | D:6      | Reached XP level 9. HP: 39/39 MP: 16/16
  8852 | D:6      | Slain by a wight
  8853 | D:6      | Reached XP level 8. HP: -2/36 MP: 19/25
  8861 | D:6      | Learned a level 3 spell: Tukima's Dance
  8865 | D:6      | Learned a level 3 spell: Dazzling Flash
  9273 | D:7      | Found a staircase to the Ecumenical Temple.
  9289 | Temple   | Entered the Ecumenical Temple
  9631 | D:7      | Reached skill level 5 in Spellcasting
  9785 | D:7      | Reached skill level 5 in Fighting
  9785 | D:7      | Reached XP level 9. HP: 40/40 MP: 17/17
  9969 | D:7      | Found a shadowy altar of Dithmenos.
 10025 | D:7      | Became a worshipper of Dithmenos the Shadowed
 10371 | D:7      | Found a sacrificial altar of Ru.
 10371 | D:7      | Found an iron altar of Okawaru.
 10830 | D:8      | Found a sand-covered staircase.
 10887 | Ossuary  | Entered an ossuary
 11520 | Ossuary  | Reached * piety under Dithmenos
 13081 | D:8      | Reached XP level 10. HP: 27/45 MP: 19/19
 13240 | D:8      | Found a staircase to the Lair.
 13267 | D:8      | Reached ** piety under Dithmenos
 13567 | D:8      | Noticed a white ugly thing
 14599 | D:9      | Noticed a cyclops
 14599 | D:9      | Noticed a fire dragon
 14606 | D:9      | Noticed a white ugly thing
 14684 | D:9      | Reached skill level 10 in Hexes
 14855 | D:9      | Killed from afar by a fire dragon
 14856 | D:9      | Reached XP level 9. HP: -63/42 MP: 22/28
 15044 | D:8      | Reached skill level 10 in Stealth
 15069 | D:8      | Killed a purple ugly thing
 15194 | D:9      | Reached XP level 10. HP: 14/46 MP: 20/20
 15592 | D:9      | Killed a fire dragon
 15592 | D:9      | Reached *** piety under Dithmenos
 15706 | D:9      | Killed a white ugly thing
 15718 | D:9      | Killed a cyclops
 15862 | D:9      | Found the +8 longbow "Zephyr" {speed, Dex+3 SInv}
 15882 | D:9      | Identified the Volume of Dramatic Exits
 16233 | Lair:1   | Entered Level 1 of the Lair of Beasts
 16468 | Lair:1   | Noticed a six-headed hydra
 16592 | Lair:1   | Noticed a spiny frog
 16592 | Lair:1   | Noticed a spiny frog
 16594 | Lair:1   | Killed a spiny frog
 16597 | Lair:1   | Killed a spiny frog
 16599 | Lair:1   | Noticed a spiny frog
 16605 | Lair:1   | Killed a spiny frog
 16609 | Lair:1   | Reached skill level 10 in Unarmed Combat
 16812 | Lair:1   | Killed a six-headed hydra
 16812 | Lair:1   | Reached XP level 11. HP: 13/50 MP: 22/22
 17145 | Lair:1   | Noticed a lindwurm
 17151 | Lair:1   | Killed a lindwurm
 17805 | Lair:2   | Noticed a five-headed hydra
 17993 | Lair:2   | Noticed an oklob plant
 17995 | Lair:2   | Noticed an oklob plant
 18100 | Lair:2   | Killed a five-headed hydra
 18100 | Lair:2   | Reached **** piety under Dithmenos
 18129 | Lair:2   | Found a staircase to the Snake Pit.
 18168 | Lair:2   | Reached skill level 10 in Dodging
 18425 | Lair:2   | Noticed a catoblepas
 19401 | Lair:2   | HP: 2/51 [something/blast of calcifying dust (7)]
 19699 | Lair:2   | Slain by a catoblepas

Levels and vault maps discovered:
D:1:      onia_arrival_mini_spirals, layout_rooms,
          chequers_serial_rivers_small_b
D:2:      layout_basic, overflow_temple_1_default,
          chequers_ecumenical_altar_grove, first_ration, serial_bayou_lagoon_a,
          uniq_jessica
D:3:      layout_loops_ring, chequers_serial_rivers_marsh,
          nicolae_ru_great_annihilating_truth, uniq_robin
D:4:      layout_basic, serial_undead, serial_undead_a, serial_undead_c,
          serial_undead_e, serial_undead_a, minmay_shop_enchanted_jewellery,
          kennysheep_decorative_pillar
D:5:      layout_basic, makhleb_grotto_becter, minmay_pentangle, uniq_duvessa
D:6:      layout_basic, nemelex_xobeh_ov_fountains_minmay
D:7:      layout_loops_ring, kennysheep_little_box,
          gammafunk_temple_overflow_pools, minmay_temple_entry_arrows,
          grunt_livestock
D:8:      layout_loops_corners, erik_lair_orcish_takeover,
          nicolae_ossuary_entry_ruins, minivault_23, kennysheep_crisscross,
          minivault_26, amethyst_killhole
D:9:      minmay_the_grid_square_5x5_4x4 [minmay_the_grid_square_5x5_mess,
          minmay_the_grid_square_5x5_sharp_hourglass,
          minmay_the_grid_square_5x5_detours,
          minmay_the_grid_square_5x5_shrine2,
          minmay_the_grid_square_5x5_broken_cross,
          minmay_the_grid_square_5x5_prize_itemx,
          minmay_the_grid_square_5x5_prize_junk,
          minmay_the_grid_square_5x5_almost_minimal,
          minmay_the_grid_square_5x5_fancy_junction,
          minmay_the_grid_square_5x5_prize_rear_guard,
          minmay_the_grid_square_5x5_prize_waves, minmay_the_grid_square_5x5_z,
          minmay_the_grid_square_5x5_three, minmay_the_grid_square_5x5_comb,
          minmay_the_grid_square_5x5_minimal,
          minmay_the_grid_square_5x5_hollow_slash], layout_cave_pods
Temple:   eino_temple_scatter_basement
Lair:1:   layout_gridlike, nicolae_volcano_entry_vermiform, zaba_anthole,
          beast_lair_carwin_1, infiniplex_staircase_pool, grunt_megastairs_4
Lair:2:   layout_regular_city, minmay_snake_entry_spellcaster,
          grunt_megastairs_3, minmay_lair_oklob_chamber,
          infiniplex_staircase_pool_2

Skill      XL: |  1  2  3  4  5  6  7  8  9 10 11 |
---------------+----------------------------------+-----
Dodging        | 3 4 5 6 7 9 10 | 10.1
Unarmed Combat | 2 3 4 5 7 8 10 | 10.9
Fighting       | 1 2 3 5 7 |  7.8
Hexes          | 5 6 8 9 10 11 | 11.5
Stealth        | 5 6 8 10 11 | 11.4
Spellcasting   | 3 5 6 7 |  7.4

Action                   |  1- 3 |  4- 6 |  7- 9 | 10-12 || total
-------------------------+-------+-------+-------+-------++-------
Melee: Unarmed           |    92 |   234 |   430 |   219 ||   975
       Bite              |     3 |    23 |    29 |    17 ||    72
       Punch             |       |     1 |    13 |     9 ||    23
 Cast: Corona            |    11 |     6 |    11 |    10 ||    38
       Ensorcelled Hiber |    18 |    60 |   101 |   113 ||   292
       Confusing Touch   |       |     4 |    20 |     7 ||    31
       Tukima's Dance    |       |       |     7 |       ||     7
Evoke: Wand              |       |       |     2 |       ||     2
  Use: Scroll            |     4 |     3 |    12 |     7 ||    26
       Potion            |       |     1 |     2 |     2 ||     5
 Stab: Sleeping          |    12 |    41 |    87 |    82 ||   222
       Confused          |       |     4 |    19 |     5 ||    28
       Distracted        |       |     1 |     2 |     1 ||     4
       Paralysed         |       |     1 |       |       ||     1
  Eat: Chunk             |    10 |    17 |    18 |    10 ||    55
Armor: Skin              |     2 |    14 |    46 |     4 ||    66
Dodge: Dodged            |    80 |   235 |   325 |   243 ||   883

Table legend:
 A = Non-vault XP
 B = Vault XP
 C = Vault XP percentage of total XP
 D = Non-vault monster count
 E = Vault monster count
 F = Vault count percentage of total count
                 A         B        C        D         E       F
            +---------+---------+-------+---------+---------+-------
      Total |   11366 |   13887 |  55.0 |     233 |     127 |  35.3
            +---------+---------+-------+---------+---------+-------
        D:1 |      25 |       0 |   0.0 |      19 |       0 |   0.0
        D:2 |      41 |      57 |  58.2 |      16 |       4 |  20.0
        D:3 |     203 |      22 |   9.8 |      35 |      12 |  25.5
        D:4 |     350 |     125 |  26.3 |      13 |      12 |  48.0
        D:5 |     780 |     427 |  35.4 |      17 |       8 |  32.0
        D:6 |    1303 |       0 |   0.0 |      34 |       0 |   0.0
        D:7 |    1315 |     977 |  42.6 |      34 |       5 |  12.8
        D:8 |    1127 |     959 |  46.0 |      17 |      11 |  39.3
        D:9 |    1921 |    3807 |  66.5 |      28 |      21 |  42.9
     Lair:1 |     836 |    4618 |  84.7 |       6 |      15 |  71.4
     Lair:2 |    3465 |    1913 |  35.6 |      14 |       6 |  30.0
    Ossuary |       0 |     982 | 100.0 |       0 |      33 | 100.0
            +---------+---------+-------+---------+---------+-------
